 Dungeon Crawl Stone Soup version 0.29.0-15-g675c0067aa (webtiles) character file.

Game seed: 2071121728009014796

401 wakxed the Sneak (level 6, -3/49 HPs)
             Began as a Naga Hedge Wizard on Sept 11, 2022.
             Was a Believer of Sif Muna.
             Slain by an iguana (10 damage)
             ... on level 4 of the Dungeon.
             The game lasted 00:28:29 (6114 turns).

wakxed the Sneak (Naga Hedge Wizard)                Turns: 6114, Time: 00:28:30

Health: -3/49      AC:  4    Str: 13    XL:     6   Next: 85%
Magic:  10/13      EV:  9    Int: 16    God:    Sif Muna [**....]
Gold:   41         SH:  0    Dex: 10    Spells: 10/14 levels left

rFire   . . .      SeeInvis +   z - +1 short sword (vamp)
rCold   . . .      Faith    .   (no shield)
rNeg    . . .      Spirit   .   D - +1 robe {Will+}
rPois   +          Reflect  .   (helmet currently unavailable)
rElec   .          Harm     .   j - scarf {shadows}
rCorr   .          Rampage  .   (no gloves)
Will    ++...                   (no barding)
Stlth   +++.......              (no amulet)
HPRegen 0.16/turn               h - ring of willpower
MPRegen 0.13/turn               e - ring of wizardry

@: appendages (expiring), wereblooded, very slow
A: horns 2, AC +2, large, see invisible, deformed body, poison resistance,
slowness 2, spit poison 1, naga tail 1
a: Spit Poison, End Transformation, Renounce Religion, Channel Magic


You were on level 4 of the Dungeon.
You worshipped Sif Muna.
Sif Muna was pleased with you.
You had temporarily grown beastly horns.
You visited 1 branch of the dungeon, and saw 6 of its levels.

You collected 197 gold pieces.
You spent 156 gold pieces at shops.

Inventory:

Hand Weapons
 a - a +0 dagger of venom
 r - a +0 flail of draining
 z - a +1 vampiric short sword (weapon)
Missiles
 n - 16 poisoned darts
 t - 3 atropa-tipped darts
 u - a throwing net
Armour
 c - a +0 hat (melded)
 j - a scarf of shadows (worn)
 D - a +1 robe of willpower (worn)
 E - an orb of wrath
Magical Staves
 b - a staff of conjuration
 s - a staff of cold
Jewellery
 e - a ring of wizardry (right hand)
 h - a ring of willpower (left hand)
Wands
 i - a wand of light (3)
 q - a wand of paralysis (6)
 v - a wand of iceblast (12)
Scrolls
 f - 4 scrolls of teleportation
 k - a scroll of butterflies
 l - a scroll of magic mapping
 m - a scroll of enchant armour {unknown}
 y - 2 scrolls of poison {unknown}
 B - a scroll of amnesia {unknown}
 C - a scroll of noise {unknown}
Potions
 d - a potion of magic
 g - 2 potions of attraction
 o - a potion of curing
 p - a potion of heal wounds {unknown}
 w - 2 potions of flight {unknown}
 x - a potion of ambrosia {unknown}
 A - a potion of mutation {unknown}


   Skills:
 - Level 1.5 Dodging
 + Level 5.8 Stealth
 * Level 4.7 Spellcasting
 - Level 3.9 Conjurations
 - Level 1.0 Summonings
 - Level 1.0 Translocations
 * Level 0.0 Transmutations
 - Level 2.0 Invocations


You had 10 spell levels left.
You knew the following spells:

 Your Spells              Type           Power      Damage    Failure   Level
a - Magic Dart            Conj           64%        1d6       1%          1
b - Beastly Appendage     Tmut           6%         N/A       6%          1
c - Wereblood             Tmut           3%         N/A       10%         2

Your spell library contained the following spells:

 Spells                   Type           Power      Damage    Failure   Level
 Slow                     Hex            12%        N/A       6%          1
 Blink                    Tloc           12%        N/A       6%          2
 Call Imp                 Summ           6%         N/A       6%          2
 Conjure Flame            Conj/Fire      10%        6-21      9%          3
 Mephitic Cloud           Conj/Pois/Air  7%         N/A       12%         3
 Ozocubu's Armour         Ice            3%         N/A       19%         3
 Spider Form              Tmut/Pois      3%         N/A       19%         3
 Ozocubu's Refrigeration  Ice            1%         4d7       100%        7


Dungeon Overview and Level Annotations

Branches:
Dungeon (6/15)
 Temple: D:4-7

Altars:
Ru
Sif Muna

Shops:
D:3 [:[:


Innate Abilities, Weirdness & Mutations

You have temporarily grown beastly horns.
Your serpentine skin is tough. (AC +2)
You have supernaturally acute eyesight. (SInv)
Armour fits poorly on your strangely shaped body.
Your system is resistant to poisons. (rPois)
You cover ground very slowly.
You can spit poison.
You have a snake-like lower body.


Message History

Found a robe.
An iguana comes into view.
Found 12 gold pieces.
You see here a +0 robe.
The helpless iguana fails to defend itself.
You puncture the iguana!
The iguana is heavily wounded.
The iguana bites you.
You hit the iguana.
You feel better.
The iguana is heavily wounded.
The iguana barely misses you.
Aiming: Spit Poison (1% risk of failure)
Press: ? - help, Shift-Dir - straight line, f - iguana
Aim: an iguana (heavily wounded, 65% to hit)
The splash of poison misses the iguana.
The iguana bites you!
Casting: Magic Dart (safe; 1% risk of failure)
Confirm with . or Enter, or press ? or * to list all spells.
You grow a pair of large bovine horns.
Your +0 hat melds into your body.
The iguana bites you.
You barely miss the iguana.
The iguana is heavily wounded.
The iguana bites you!
You closely miss the iguana.
The iguana is heavily wounded.
You have got your breath back.
The iguana closely misses you. The iguana bites you.
You are too injured to fight recklessly!
You are too injured to fight recklessly!
Casting: Beastly Appendage (safe; 6% risk of failure)
Confirm with . or Enter, or press ? or * to list all spells.
Your blood is infused with primal strength.
The iguana bites you!
* * * LOW HITPOINT WARNING * * *
You hit the iguana but do no damage.
The iguana is heavily wounded.
The iguana barely misses you.
You hit the iguana but do no damage.
The iguana is heavily wounded.
The iguana bites you!
You die...

*,,,,,,,,,* ##### *****,,,,,*
##...## ******* ** ##.....##
********. #..<....# ***,,,,,,..
#.......# *,,,*****#*
#.......#### #########,***
##.........####..l$....,*
#..)....##....[.@#*******
#...........####...#*************
#........#### ###....,,,,,,,,,,,
##.......# *#####**********
##..>...# ########


You could see an iguana.

Vanquished Creatures
  3 vampire bats (D:3)
  A hound (D:5)
  A jelly (D:4)
  Ijyb (D:4)
  Jessica (D:3)
  4 gnolls
  5 adders
  A worm (D:2)
  2 dart slugs
  5 ball pythons
  9 endoplasms
  3 hobgoblins (D:1)
  3 jackals (D:3)
  9 kobolds
  3 quokkas
  16 bats
  3 frilled lizards (D:2)
  7 goblins
  9 rats
86 creatures vanquished.

Vanquished Creatures (others)
  2 demonic plants (D:1)
  A plant (D:1)
  A withered plant (D:1)
4 creatures vanquished.

Grand Total: 90 creatures vanquished

Notes
Turn   | Place    | Note
-------+----------+-------------------------------------------
     0 | D:1      | wakxed the Naga Hedge Wizard began the quest for the Orb.
     0 | D:1      | Reached XP level 1. HP: 15/15 MP: 4/4
   535 | D:1      | Reached XP level 2. HP: 11/22 MP: 6/6
  1799 | D:1      | Reached XP level 3. HP: 28/28 MP: 1/7
  1810 | D:1      | Reached skill level 4 in Stealth
  1932 | D:1      | Found a faded altar of an unknown god.
  2085 | D:1      | Prayed at the altar of an unknown god.
  2085 | D:1      | Became a worshipper of Sif Muna the Loreminder
  2085 | D:1      | Reached * piety under Sif Muna
  2690 | D:2      | Reached XP level 4. HP: 36/36 MP: 9/9
  4080 | D:3      | You fall into a shaft and drop 3 floors!
  4104 | D:6      | Noticed a necrophage
  4179 | D:5      | Entered Level 5 of the Dungeon
  4203 | D:5      | Reached skill level 5 in Stealth
  4203 | D:5      | Reached XP level 5. HP: 7/42 MP: 6/10
  4479 | D:4      | Reached skill level 1 in Invocations
  4591 | D:4      | Noticed Ijyb
  4597 | D:4      | Killed Ijyb
  4759 | D:3      | Reached XP level 6. HP: 49/49 MP: 12/12
  4966 | D:3      | Reached ** piety under Sif Muna
  4988 | D:3      | Found a sacrificial altar of Ru.
  5228 | D:3      | Found Huanolei's Book Shop.
  5302 | D:3      | Noticed Jessica
  5306 | D:3      | Killed Jessica
  5657 | D:3      | Found Emeng's Book Boutique.
  5702 | D:3      | Found Xuugez's Armour Boutique.
  5706 | D:3      | Bought a scarf of shadows for 156 gold pieces
  6024 | D:3      | Found Vofosec's Antique Armour Emporium.
  6034 | D:3      | Learned a level 1 spell: Beastly Appendage
  6037 | D:3      | Learned a level 2 spell: Wereblood
  6114 | D:4      | Slain by an iguana

Illustrated notes

Levels and vault maps discovered:
D:1:      amcnicky_arrival_underground_garden, layout_basic,
          shapermc_ecumenical_altar_gd
D:2:      layout_rooms
D:3:      layout_basic, nicolae_ru_path_of_blood, serial_curves, eino_curves_04,
          eino_curves_04, serial_shops, nicolae_square_shop,
          nicolae_shop_crystal, nicolae_lakefront_shop, nicolae_square_shop,
          supply_closet_lemuel, kennysheep_small_spiral, st_stairs_3,
          roderic_batcave, uniq_jessica
D:4:      layout_rooms, nicolae_ossuary_entry_plus, uniq_ijyb
D:5:      layout_basic, mainiacjoe_overflow_tiny_flanked,
          general_overflow_altar, minmay_temple_entry_antechambers,
          serial_shops, shop, portal_sewer_entry_d
D:6:      layout_gridville

Skill      XL: |  1  2  3  4  5  6 |
---------------+-------------------+-----
Stealth        | 4 5 |  5.8
Conjurations   | 2 3 |  3.9
Spellcasting   | 4 |  4.7
Invocations    | 1 2 |  2.0
Dodging        | |  1.5
Summonings     | |  1.0
Translocations | |  1.0

Action                   |  1- 3 |  4- 6 || total
-------------------------+-------+-------++-------
Melee: Dagger            |    73 |    44 ||   117
       Staff             |    13 |       ||    13
       Flail             |       |    17 ||    17
       Short sword       |       |    46 ||    46
 Cast: Magic Dart        |    62 |    69 ||   131
       Beastly Appendage |       |     1 ||     1
       Wereblood         |       |     1 ||     1
 Abil: Spit Poison       |       |     4 ||     4
  Use: Scroll            |     2 |     4 ||     6
       Potion            |     1 |       ||     1
 Stab: Sleeping          |     7 |    14 ||    21
Armor: Robe              |    22 |    49 ||    71
Dodge: Dodged            |    62 |    75 ||   137
